 Dungeon Crawl Stone Soup version 0.25-a0-42-g6c54e25894 (webtiles) character file.

Game seed: 2431259860953664533, levelgen mode: deterministic

152 Chiseanne the Magician (level 5, -4/39 HPs)
             Began as a Demonspawn Wanderer on Oct 22, 2019.
             Killed by divine providence
             ... invoked by an orc priest
              (14 damage)
             ... on level 3 of the Dungeon.
             The game lasted 00:05:40 (3039 turns).

Chiseanne the Magician (Demonspawn Wanderer)        Turns: 3039, Time: 00:05:40

Health: -4/39      AC:  3    Str: 11    XL:     5   Next: 11%
Magic:  0/10       EV: 18    Int: 14    God:
Gold:   36         SH:  0    Dex: 19    Spells: 11/11 levels left

rFire    . . .     SeeInvis .   t - +1 dagger (venom)
rCold    . . .     Gourm    .   (no shield)
rNeg     . . .     Faith    +   d - +1 robe
rPois    .         Spirit   +   (no helmet)
rElec    .         Reflect  .   (no cloak)
rCorr    .         Harm     .   (no gloves)
MR       .....                  (no boots)
Stlth    ++++......             o - amulet of faith
HPRegen  0.13/turn              s - ring of stealth
MPRegen  0.12/turn              (no ring)

@: agile
A: powered by death 1, magic shield
a: no special abilities


You were on level 3 of the Dungeon.
You were hungry.

You visited 1 branch of the dungeon, and saw 4 of its levels.

You collected 126 gold pieces.
You spent 90 gold pieces at shops.

Inventory:

Hand Weapons
 a - a +2 falchion
 j - a +3 whip
 k - a +1 short sword of speed
 l - a +2 short sword of electrocution
 t - a +1 dagger of venom (weapon)
Missiles
 g - 4 javelins
 h - 22 bolts
 i - 95 stones (quivered)
 m - 9 poisoned darts
 v - 23 arrows
Armour
 d - a +1 robe (worn)
Jewellery
 o - an amulet of faith (around neck)
 s - a ring of stealth (left hand)
Wands
 c - a wand of random effects (2)
 n - a wand of acid (2)
Scrolls
 b - 4 scrolls of teleportation
 p - a scroll of remove curse
Potions
 e - a potion of mutation
 q - 2 potions of curing
Comestibles
 f - 2 rations


   Skills:
 * Level 2.6 Fighting
 - Level 1.7 Long Blades
 - Level 1.0 Throwing
 * Level 2.4 Dodging
 - Level 1.0 Stealth
 * Level 3.8 Spellcasting
   Level 1.7 Air Magic
 - Level 1.0 Evocations


You had 11 spell levels left.
You didn't know any spells.
Your spell library was empty.

Dungeon Overview and Level Annotations

Branches:
Dungeon (4/15)
 Temple: D:4-7

Altars:
Zin


Innate Abilities, Weirdness & Mutations

You regenerate a little health from kills.
When hurt, damage is shared between your health and your magic reserves.


Message History

The worker ant is lightly wounded.
The worker ant closely misses you.
You hit the worker ant but do no damage.
The worker ant is poisoned.
The worker ant is lightly wounded.
The worker ant bites you! The worker ant completely misses you.
You barely miss the orc priest.
The orc priest is moderately wounded.
You kill the worker ant!
You have reached level 5!
Your demonic ancestry asserts itself...
A wave of death washes over you. The orc priest hits you.
* * * LOW HITPOINT WARNING * * *
You closely miss the orc priest.
The orc priest is moderately wounded.
The orc priest mumbles some strange prayers to Beogh against you.
Beogh smites you!
You die...

##...###...##
#..>.........
#............
###............
#..............
#####.#............
#...oo#............
#o###.#............
#.@ol>..).....^...)
#..#.).#...#...#...
#...###..#..###..#.
#..)#.#)###.#.#....
#...##'.....'##..#.
#..#...#####...#.##
#....#.#...#.#...#
#....#.#)..'.#####
##...#.#...#.#...#


You could see an orc priest, an orc and a frilled lizard.

Vanquished Creatures
  A worker ant (D:3)
  5 adders
  2 oozes (D:3)
  2 worms (D:2)
  A dart slug (D:2)
  3 leopard geckos
  2 orcs (D:3)
  A ball python (D:3)
  6 bats
  3 giant cockroaches (D:2)
  12 hobgoblins
  A quokka (D:2)
  5 frilled lizards
  9 goblins
  5 kobolds
  6 rats
64 creatures vanquished.

Notes
Turn   | Place    | Note
-------+----------+-------------------------------------------
     0 | D:1      | Chiseanne the Demonspawn Wanderer began the quest for the
                  | Orb.
     0 | D:1      | Chiseanne set off with the following items: a +2 falchion,
                  | a scroll of teleportation, a wand of random effects (15), a
                  | +0 robe, a ration
     0 | D:1      | Reached XP level 1. HP: 13/13 MP: 4/4
   282 | D:1      | Reached skill level 1 in Fighting
   396 | D:1      | Reached skill level 1 in Dodging
   396 | D:1      | Gained mutation: When hurt, damage is shared between your
                  | health and your magic reserves. [demonic ancestry]
   396 | D:1      | Reached XP level 2. HP: 17/21 MP: 6/6
   812 | D:2      | Reached XP level 3. HP: 26/26 MP: 7/7
  1487 | D:2      | Reached XP level 4. HP: 30/33 MP: 9/9
  2036 | D:3      | Found Zin's Purification Station.
  2040 | D:3      | Found a glowing silver altar of Zin.
  2238 | D:3      | Bought a potion of curing for 90 gold pieces
  3038 | D:3      | Gained mutation: You regenerate a little health from kills.
                  | [demonic ancestry]
  3038 | D:3      | Reached XP level 5. HP: 14/39 MP: 2/10
  3039 | D:3      | Killed from afar by an orc priest

Levels and vault maps discovered:
D:1:      minmay_arrival_cross, layout_loops_corners
D:2:      layout_loops_ring, minmay_tetromino_t2
D:3:      layout_basic, zin_purify, minmay_fractal_squares_diagonal_5
D:4:      layout_gridville, nicolae_gozag_cash_rules_everything_around_me,
          first_ration, uniq_eustachio

Skill      XL: |  1  2  3  4 |
---------------+-------------+-----
Fighting       | 1 2 |  2.6
Dodging        | 1 2 |  2.4
Long Blades    | |  1.7
Throwing       | |  1.0
Stealth        | |  1.0
Spellcasting   | |  3.8
Air Magic      | |  1.7
Evocations     | |  1.0

Action                   |  1- 3 |  4- 6 || total
-------------------------+-------+-------++-------
Melee: Falchion          |    74 |       ||    74
       Short sword       |    15 |    62 ||    77
       Dagger            |       |    20 ||    20
Evoke: Wand              |    13 |     1 ||    14
  Use: Potion            |     2 |     3 ||     5
       Scroll            |     1 |     5 ||     6
 Stab: Sleeping          |     4 |     2 ||     6
       Confused          |     1 |       ||     1
  Eat: Chunk             |     2 |     4 ||     6
Armor: Robe              |    18 |    28 ||    46
       Skin              |    13 |       ||    13
Dodge: Dodged            |    56 |    82 ||   138
       Rpst.: Falchion   |    16 |       ||    16

Table legend:
 A = Non-vault XP
 B = Vault XP
 C = Vault XP percentage of total XP
 D = Non-vault monster count
 E = Vault monster count
 F = Vault count percentage of total count
                 A         B        C        D         E       F
            +---------+---------+-------+---------+---------+-------
      Total |     206 |      12 |   5.5 |      57 |       7 |  10.9
            +---------+---------+-------+---------+---------+-------
        D:1 |      19 |       0 |   0.0 |      12 |       0 |   0.0
        D:2 |      87 |       2 |   2.2 |      25 |       2 |   7.4
        D:3 |     100 |      10 |   9.1 |      20 |       5 |  20.0
            +---------+---------+-------+---------+---------+-------
